 Dungeon Crawl Stone Soup version 0.29-a0-887-gcbe080d7e0 (webtiles) character file.

Game seed: 7177922525615253133

147703 jt the Pacifist (level 16, -21/109 HPs)
             Began as a Palentonga Hedge Wizard on July 21, 2022.
             Was an Elder of Elyvilon.
             Demolished by a culicivora (28 damage)
             ... on level 4 of the Spider Nest on July 22, 2022.
             The game lasted 01:49:41 (39620 turns).

jt the Pacifist (Palentonga Hedge Wizard)          Turns: 39620, Time: 01:49:42

Health: -21/109    AC: 26    Str: 14    XL:     16   Next: 92%
Magic:  9/30       EV:  5    Int: 26    God:    Elyvilon [****..]
Gold:   1968       SH:  0    Dex: 19    Spells: 17/21 levels left

rFire   + + .      SeeInvis +   a - +9 broad axe (freeze)
rCold   + + +      Faith    .   O - +2 shield of Resistance {rF++ rC++ Will++}
rNeg    + + .      Spirit   .   N - +4 leather armour "Quisasyt" {rPois Str-5 Dex+3 Stlth+}
rPois   +          Reflect  .   o - +2 hat {Will+}
rElec   .          Harm     .   J - +2 cloak
rCorr   +          Rampage  .   X - +2 pair of gloves
Will    +++++                   (no barding)
Stlth   +++.......              h - amulet of the Special Invaders {Acrobat +Inv rC+ Will+ rCorr}
HPRegen 0.28/turn               Q - +4 ring of slaying
MPRegen 0.22/turn               C - ring of Jaesuonu {rN++ Int+7 Dex+6 SInv}

@: held, studying Unarmed Combat, curled up
A: large, rugged brown scales 3, see invisible, deformed body, roll 1, armoured
tail, reflexive curl, horns 1, iridescent scales 1, clever 1
a: Rolling Charge, Renounce Religion, Evoke Invisibility, Purification, Heal
Other, Heal Self


You were on level 4 of the Spider Nest.
You worshipped Elyvilon.
Elyvilon was greatly pleased with you.
You visited 7 branches of the dungeon, and saw 29 of its levels.
You also visited: Gauntlet.

You collected 2247 gold pieces.
You spent 279 gold pieces at shops.

Inventory:

Hand Weapons
 a - a +9 broad axe of freezing (weapon)
 b - a +0 hand axe of flaming
 B - a +1 antimagic hand axe
Missiles
 r - 5 silver javelins
 w - 51 poisoned darts (quivered)
 z - 15 javelins
 T - 13 curare-tipped darts
Armour
 o - a +2 hat of willpower (worn)
 u - a +1 plate armour of poison resistance
 J - a +2 cloak (worn)
 N - the +4 leather armour "Quisasyt" (worn) {rPois Str-5 Dex+3 Stlth+}
   (You found it on level 5 of the Dungeon)

   Str:       It affects your strength (-5).
   Dex:       It affects your dexterity (+3).
   rPois:     It protects you from poison.
   Stlth:     It makes you more stealthy.
 O - the +2 shield of Resistance (worn) {rF++ rC++ Will++}
   (You found it on level 10 of the Dungeon)

   rF:        It greatly protects you from fire.
   rC:        It greatly protects you from cold.
   Will:      It greatly increases your willpower.
 X - a +2 pair of gloves (worn)
Jewellery
 h - the amulet of the Special Invaders (around neck) {Acrobat +Inv rC+ Will+ rCorr}
   (You found it on level 2 of the Spider Nest)

   [amulet of the acrobat]

   It increases your evasion while moving and waiting.
   rC:        It protects you from cold.
   +Inv:      It lets you turn invisible.
   rCorr:     It protects you from acid and corrosion.
   Will:      It increases your willpower.
 j - a ring of wizardry
 l - a ring of willpower
 C - the ring of Jaesuonu (right hand) {rN++ Int+7 Dex+6 SInv}
   (You took it off a minotaur in a Gauntlet)

   [ring of dexterity]

   Int:       It affects your intelligence (+7).
   Dex:       It affects your dexterity (+6).
   rN:        It greatly protects you from negative energy.
   SInv:      It lets you see invisible.
 F - the amulet of the Four Winds {rN+ Will+++ Clar}
   (You found it in a Gauntlet)

   [amulet of nothing]

   rN:        It protects you from negative energy.
   Clar:      It protects you against confusion.
   Will:      It greatly increases your willpower.
 Q - a +4 ring of slaying (left hand)
 R - an amulet of reflection
 V - the ring of Ixyoph {Contam rN+ Will+ rCorr Int+3}
   (You found it in a Gauntlet)

   [ring of willpower]

   Int:       It affects your intelligence (+3).
   rN:        It protects you from negative energy.
   Contam:    It causes magical contamination when unequipped.
   rCorr:     It protects you from acid and corrosion.
   Will:      It increases your willpower.
Wands
 e - a wand of flame (18)
 f - a wand of paralysis (21)
 v - a wand of mindburst (4)
 G - a wand of digging (6)
 L - a wand of roots (8)
 Z - a wand of polymorph (10)
Scrolls
 i - a scroll of poison
 q - 2 scrolls of summoning
 A - 20 scrolls of identify
 D - 3 scrolls of immolation
 H - 5 scrolls of teleportation
 M - 10 scrolls of magic mapping
 P - 7 scrolls of butterflies
 S - 6 scrolls of fear
 Y - 2 scrolls of silence
Potions
 c - a potion of invisibility
 d - 2 potions of magic
 g - 2 potions of flight
 k - 3 potions of heal wounds
 n - 8 potions of curing
 p - 3 potions of mutation
 t - a potion of resistance
 x - 4 potions of might
 y - a potion of berserk rage
 I - 2 potions of brilliance
 U - 4 potions of haste
Miscellaneous
 s - a tin of tremorstones (inert)
 E - a phantom mirror
 W - a phial of floods


   Skills:
 - Level 2.5 Fighting
 - Level 18.0 Axes
 - Level 5.0 Armour
 - Level 1.5 Dodging
 - Level 1.2 Stealth
 + Level 13.2 Shields
 - Level 3.0 Spellcasting
 - Level 0.8 Conjurations
 - Level 0.7 Summonings
 - Level 1.0 Translocations
 + Level 21.1 Invocations
 - Level 3.0 Evocations


You had 17 spell levels left.
You knew the following spells:

 Your Spells              Type           Power      Damage    Failure   Level
a - Magic Dart            Conj           32%        1d4       14%         1
b - Blink                 Tloc           18%        N/A       19%         2
c - Apportation           Tloc           18%        N/A       13%         1

Your spell library contained the following spells:

 Spells                   Type           Power      Damage    Failure   Level
 Summon Small Mammal      Summ           28%        N/A       14%         1
 Slow                     Hex            12%        N/A       19%         1
 Call Imp                 Summ           7%         N/A       22%         2
 Scorch                   Fire           6%         2d5       28%         2
 Sublimation of Blood     Necr           3%         N/A       28%         2
 Wereblood                Tmut           3%         N/A       28%         2
 Gell's Gravitas          Tloc           9%         N/A       36%         3
 Lesser Beckoning         Tloc           9%         N/A       36%         3
 Teleport Other           Tloc           9%         N/A       36%         3
 Call Canine Familiar     Summ           7%         N/A       41%         3
 Conjure Flame            Conj/Fire      6%         6-21      43%         3
 Portal Projectile        Hex/Tloc       12%        N/A       43%         3
 Mephitic Cloud           Conj/Pois/Air  5%         N/A       45%         3
 Summon Guardian Golem    Hex/Summ       5%         N/A       45%         3
 Ignite Poison            Fire/Tmut/Pois 3%         N/A       50%         3
 Inner Flame              Hex/Fire       3%         N/A       50%         3
 Passage of Golubria      Tloc           9%         N/A       77%         4
 Flame Wave               Conj/Fire      6%         2d5       85%         4
 Hailstorm                Conj/Ice       6%         3d4       85%         4
 Animate Armour           Summ/Erth      10%        N/A       86%         4
 Summon Lightning Spire   Summ/Air       5%         N/A       86%         4
 Airstrike                Air            1%         0-2+      88%         4
 Cause Fear               Hex            1%         N/A       88%         4
 Ice Form                 Ice/Tmut       3%         N/A       88%         4
 Leda's Liquefaction      Hex/Erth       1%         N/A       88%         4
 Olgreb's Toxic Radiance  Pois           3%         N/A       88%         4
 Manifold Assault         Tloc           9%         N/A       98%         5
 Alistair's Intoxication  Tmut/Pois      2%         N/A       99%         5
 Blade Hands              Tmut           1%         N/A       99%         5
 Freezing Cloud           Conj/Ice/Air   2%         6-21      99%         5
 Lightning Bolt           Conj/Air       3%         1d14      99%         5
 Silence                  Hex/Air        1%         N/A       99%         5
 Iron Shot                Conj/Erth      3%         9d2       100%        6
 Simulacrum               Ice/Necr       1%         N/A       100%        6
 Summon Cactus Giant      Summ           3%         N/A       100%        6
 Orb of Destruction       Conj           4%         9d5       100%        7
 Ozocubu's Refrigeration  Ice            1%         4d5       100%        7
 Spellforged Servitor     Conj/Summ      4%         N/A       100%        7
 Summon Hydra             Summ           3%         N/A       100%        7
 Discord                  Hex            1%         N/A       100%        8
 Ignition                 Fire           1%         3d3       100%        8
 Lehudib's Crystal Spear  Conj/Erth      3%         10d2      100%        8


Dungeon Overview and Level Annotations

Branches:
Dungeon (15/15)            Temple (1/1) D:7            Lair (5/5) D:11
  Swamp (1/4) Lair:3       Spider (4/4) Lair:3        Slime (0/5) Lair:5
    Orc (2/2) D:12            Elf (1/3) Orc:2        Vaults (0/5) D:14
 Depths (0/4) D:15        Gauntlet (visited)

Altars:
Ashenzari
Cheibriados
Dithmenos
Elyvilon
Fedhas
Gozag
Hepliaklqana
Kikubaaqudgha
Makhleb
Nemelex Xobeh
Okawaru
Qazlal
Ru
Sif Muna
Trog
Uskayaw
Vehumet
Wu Jian
Xom
Yredelemnul
Zin
The Shining One
Jiyva
Lugonu

Shops:
Orc:1 :   Orc:2 [*[(

Portals:
Abyss: Lair:5
Trove: D:10 (give 6 potions of haste)

Annotations:
Lair:2 exclusion: oklob plant
Swamp:1 Donald


Innate Abilities, Weirdness & Mutations

You are completely covered in rugged brown scales. (AC +3, +7% HP)
You have supernaturally acute eyesight. (SInv)
Armour fits poorly on your strangely shaped body.
You can roll at nearby foes to attack.
You have a long armoured tail.
You curl defensively after being hit. (AC +7*)
You have a pair of small horns on your head.
You are partially covered in iridescent scales. (AC +2)
Your mind is acute. (Int +4, Str/Dex -1)


Message History

* * * LOW HITPOINT WARNING * * *
You are caught in a web!
The jumping spider bites you but does no damage.
The moth of wrath goads the redback on!
The redback goes berserk!
The moth of wrath goads the redback on!
The redback goes berserk!
The ghost moth is engulfed in blazing flames.
Flame seeps out of the ghost moth.
The wolf spider hits you but does no damage.
The wolf spider bites you but does no damage.
The orb spider is engulfed in blazing flames.
The orb spider explodes!
The fiery explosion engulfs the broodmother!!
Flame seeps out of the broodmother.
The broodmother is lightly wounded.
The jumping spider leaps!
The jumping spider pounces on you!
* * * LOW HITPOINT WARNING * * *
The jumping spider bites you but does no damage.
The broodmother is engulfed in blazing flames.
Flame seeps out of the broodmother.
You feel a bit more experienced.
You hear a faint skittering sound.
Press: ? - help, v - describe, . - travel
Here: a wolf spider (severely wounded, berserk, inner flame)
The floor.
You are healed.
You can no longer call upon Elyvilon for divine vigour.
The wolf spider hits you but does no damage.
The wolf spider bites you!
* * * LOW HITPOINT WARNING * * *
The culicivora rages.
The redback barely misses you.
The jumping spider leaps!
The jumping spider pounces on you.
* * * LOW HITPOINT WARNING * * *
You are even more entangled.
The jumping spider completely misses you.
The wolf spider hits you but does no damage.
The wolf spider bites you but does no damage.
The demonic crawler shrieks in warning!
The wolf spider is engulfed in blazing flames.
The culicivora bites you!!
You die...

#.....^#..###○......
##...........^....s..
#.................^..
##.........s....#^...
##........○.....^...y.
#.#...................
##..............°....^
##.........^.#.#....^
##..@ss.......s^#s..#
#..sssss^...s.ss....)
##....ssy..#^..#ss^^^
#.....ys§.^......#.#
#^...^w..#§.y.......
##^.^..§s§§.#ws.#...
###.....§§.y.......
#....s§§^.s.#....
##......s[#.^....


You could see a broodmother (inner flame), a ghost moth (inner flame,
invisible), a steelbarb worm, a demonic crawler (inner flame, catching breath),
2 wolf spiders, a moth of wrath, a culicivora (berserk, inner flame), 4 jumping
spiders, 2 tarantellas and 2 redbacks.

Vanquished Creatures
  Arachne (Spider:3)
  Kirke (Lair:5)
  2 ghost moths
  2 emperor scorpions (Spider:2)
  An orc warlord (Orc:2)
  4 broodmothers
  A minotaur (Lair:1)
  2 entropy weavers (Spider:3)
  The ghost of PaleRider the Fighter, a journeyman DsFi (Lair:2)
  3 spark wasps (Spider:2)
  Josephine (Spider:1)
  2 fire dragons (D:10)
  2 ice dragons (D:10)
  7 hydras
  The ghost of raph the Destroyer, a journeyman DrFE of Sif Muna (Lair:1)
  3 boulder beetles
  4 jorogumos
  A centaur warrior (D:14)
  5 two-headed ogres
  2 death knights
  4 radroaches
  2 dancing weapons (Elf:1)
  3 thrashing horrors (Lair:5)
  6 death yaks
  An orc high priest (Orc:2)
  A fire crab (Lair:5)
  6 skeletal warriors
  7 steelbarb worms
  2 bog bodies (Lair:3)
  7 orb spiders
  A deep elf archer (Elf:1)
  An orange crystal statue (Spider:2)
  2 necromancers
  5 deep elf zephyrmancers (Elf:1)
  3 wizards
  2 deep elf pyromancers (Elf:1)
  4 orc sorcerers
  12 ugly things
  9 wolf spiders
  4 cyclopes
  A moth of wrath (Spider:3)
  8 manticores
  13 elephants
  An ice statue (D:10)
  A centaur zombie (D:15)
  3 smoke demons (Lair:5)
  3 black mambas
  A naga mage (D:15)
  A centaur skeleton (D:15)
  11 cane toads
  An unseen horror (D:10)
  A yaktaur (shapeshifter) (D:14)
  2 rime drakes
  A tengu conjurer (D:11)
  An efreet (D:13)
  3 demonic crawlers
  5 komodo dragons
  A freezing wraith (D:15)
  A harpy zombie (D:15)
  A burning bush (Lair:3)
  2 ancient zymes (Lair:5)
  4 hornets
  5 polar bears
  11 trolls
  4 meliai
  3 wolf spider simulacra
  15 tarantellas
  41 blink frogs
  7 slime creatures (D:15)
  A dream sheep (shapeshifter) (D:14)
  3 centaur simulacra (Gauntlet)
  16 jumping spiders
  A spriggan (shapeshifter) (D:14)
  2 spriggans (Lair:5)
  2 shadows
  8 culicivoras
  2 vampires (D:11)
  8 wraiths
  A ynoxinul (Lair:5)
  A water elemental (Elf:1)
  2 wyverns
  2 large abominations (Lair:5)
  37 yaks
  7 basilisks
  4 hogs (Lair:5)
  2 chaos spawn (Lair:5)
  59 redbacks
  3 steam dragons
  8 small abominations (Lair:5)
  4 vampire mosquitoes (Lair:3)
  3 wargs (Orc:2)
  2 acid dragons
  30 orc warriors
  17 water moccasins
  An ice dragon simulacrum (Gauntlet)
  2 black bears
  5 ogres
  9 centaurs
  A wolf (Lair:2)
  4 kobold brigands
  2 gnoll sergeants
  A necrophage (D:5)
  8 bullfrogs
  4 scorpions
  5 wights (D:8)
  22 killer bees
  A vampire bat (Orc:1)
  6 howler monkeys
  2 electric eels (D:12)
  14 jellies
  A lava snake (Lair:5)
  4 hounds
  A gnoll bouda (D:5)
  Crazy Yiuf (D:6)
  16 orc priests
  31 orc wizards
  3 iguanas
  10 hell rats
  17 gnolls
  An adder (D:2)
  A shadow imp (D:5)
  An ufetubus (D:4)
  2 worms
  4 dart slugs
  97 orcs
  11 bats
  3 endoplasms
  4 giant cockroaches
  15 goblins
  3 hobgoblins
  A jackal (D:3)
  2 quokkas (D:2)
  3 ball pythons (D:1)
  4 frilled lizards
  20 kobolds
  9 rats
857 creatures vanquished.

Vanquished Creatures (collateral kills)
  A minotaur (Gauntlet)
  A howler monkey (D:7)
2 creatures vanquished.

Vanquished Creatures (others)
  A wizard (D:15)
  2 ugly things (D:15)
  An orc sorcerer (D:15)
  A black mamba (Lair:2)
  A rime drake (Lair:2)
  A troll (D:11)
  A jumping spider (Spider:4)
  6 yaks
  5 wolves (Lair:2)
  A scorpion (D:6)
  A hell rat (Lair:5)
  A shadow imp (D:6)
  An orc (D:6)
  A kobold (D:9)
  23 fungi
  58 plants
105 creatures vanquished.

Grand Total: 964 creatures vanquished

Notes
Turn   | Place    | Note
-------+----------+-------------------------------------------
     0 | D:1      | jt the Palentonga Hedge Wizard began the quest for the Orb.
     0 | D:1      | Reached XP level 1. HP: 13/13 MP: 4/4
   309 | D:1      | Reached skill level 1 in Fighting
   506 | D:1      | Reached XP level 2. HP: 19/23 MP: 6/6
  1217 | D:1      | Reached skill level 1 in Shields
  1228 | D:1      | Reached XP level 3. HP: 26/28 MP: 5/7
  1311 | D:1      | Found a faded altar of an unknown god.
  1319 | D:1      | Prayed at the altar of an unknown god.
  1319 | D:1      | Became a worshipper of Elyvilon the Healer
  1319 | D:1      | Reached * piety under Elyvilon
  2055 | D:2      | Reached ** piety under Elyvilon
  2962 | D:3      | Found a white marble altar of Elyvilon.
  3041 | D:4      | Reached XP level 4. HP: 30/36 MP: 8/8
  3053 | D:4      | Reached skill level 1 in Axes
  3551 | D:4      | Reached XP level 5. HP: 37/41 MP: 3/9
  3717 | D:4      | Found a shimmering blue altar of Sif Muna.
  3823 | D:4      | Found an ancient bone altar of Kikubaaqudgha.
  3952 | D:4      | Found a radiant altar of Vehumet.
  4129 | D:4      | Reached *** piety under Elyvilon
  4416 | D:5      | Entered Level 5 of the Dungeon
  4496 | D:4      | Reached XP level 6. HP: 24/49 MP: 10/10
  4690 | D:5      | Reached skill level 1 in Invocations
  4690 | D:5      | Reached skill level 1 in Evocations
  4698 | D:5      | Noticed an ice beast
  4820 | D:5      | Noticed a water moccasin
  4823 | D:5      | Killed a water moccasin
  4834 | D:5      | Reached skill level 2 in Invocations
  4834 | D:5      | Gained mutation: You curl defensively after being hit. (AC
                  | +7*) [Palentonga growth]
  4834 | D:5      | Reached XP level 7. HP: 42/54 MP: 11/11
  5129 | D:5      | Identified the +4 leather armour "Quisasyt" {rPois Str-5
                  | Dex+3 Stlth+}
  5448 | D:5      | Reached skill level 3 in Invocations
  5986 | D:5      | Reached XP level 8. HP: 42/60 MP: 12/12
  6329 | D:5      | Found an opulent altar of Gozag.
  6585 | D:6      | Noticed a seven-headed hydra
  6610 | D:6      | Found a broken altar of Ashenzari.
  6613 | D:6      | Identified the +1 helmet "Raawne" {Will+}
  6620 | D:6      | Reached skill level 5 in Axes
  6620 | D:6      | Reached skill level 4 in Invocations
  6623 | D:6      | Reached skill level 5 in Shields
  6691 | D:6      | Found an ornate altar of the Wu Jian Council.
  6755 | D:6      | Gained mutation: You are partially covered in iridescent
                  | scales. (AC +2) [potion of mutation]
  6755 | D:6      | Gained mutation: You have a pair of small horns on your
                  | head. [potion of mutation]
  6755 | D:6      | Gained mutation: Your mind is acute. (Int +4, Str/Dex -1)
                  | [potion of mutation]
  6863 | D:6      | Pacified a seven-headed hydra
  6864 | D:6      | Reached skill level 5 in Invocations
  6864 | D:6      | Reached XP level 9. HP: 31/66 MP: 2/13
  7133 | D:6      | Reached skill level 6 in Invocations
  7164 | D:6      | Identified the amulet of Fegyun {RegenMP Stlth+}
  7258 | D:6      | Found a runed translucent door.
  7259 | D:6      | Noticed Crazy Yiuf
  7373 | D:6      | Found a sparkling altar of Nemelex Xobeh.
  7589 | D:6      | Killed Crazy Yiuf
  7738 | D:7      | Reached skill level 7 in Invocations
  8167 | D:7      | Found a staircase to the Ecumenical Temple.
  8176 | Temple   | Entered the Ecumenical Temple
  8451 | D:7      | Found a glowing silver altar of Zin.
  8650 | D:7      | Reached skill level 1 in Armour
  8911 | D:7      | Found a glowing golden altar of the Shining One.
  9515 | D:8      | Reached skill level 8 in Invocations
  9952 | D:8      | Reached **** piety under Elyvilon
 10392 | D:9      | Noticed a two-headed ogre
 10418 | D:9      | Reached XP level 10. HP: 69/72 MP: 16/16
 10540 | D:9      | Killed a two-headed ogre
 10542 | D:9      | Reached skill level 9 in Invocations
 10768 | D:9      | Noticed a two-headed ogre
 10771 | D:9      | Pacified a two-headed ogre
 11095 | D:9      | Reached skill level 10 in Invocations
 11341 | D:10     | Entered Level 10 of the Dungeon
 11544 | D:10     | Found a shadowy altar of Dithmenos.
 11573 | D:10     | Reached skill level 10 in Axes
 11733 | D:10     | Found a portal to a secret trove of treasure.
 11986 | D:10     | Noticed a fire dragon
 11987 | D:10     | Found a runed translucent door.
 11987 | D:10     | Noticed a fire dragon
 11988 | D:10     | Found the +2 shield of Resistance {rF++ rC++ Will++}
 11990 | D:10     | Noticed an ice dragon
 11991 | D:10     | Noticed an ice dragon
 11992 | D:10     | Found a runed translucent door.
 12070 | D:10     | Noticed an ice statue
 12172 | D:10     | Reached ***** piety under Elyvilon
 12363 | D:10     | Learned a level 2 spell: Blink
 12443 | D:11     | Paralysed by a hornet for 1 turns
 12735 | D:11     | Found a staircase to the Lair.
 12755 | D:11     | Reached skill level 11 in Invocations
 12755 | D:11     | Reached XP level 11. HP: 72/78 MP: 19/19
 12966 | D:11     | Noticed a boulder beetle
 12983 | D:11     | Killed a boulder beetle
 12985 | D:11     | Noticed a purple ugly thing
 13130 | D:11     | Noticed a tengu warrior
 13140 | D:11     | Noticed a red ugly thing
 13166 | D:11     | Killed a purple ugly thing
 13308 | Lair:1   | Entered Level 1 of the Lair of Beasts
 13514 | Lair:1   | Reached skill level 12 in Invocations
 13797 | Lair:1   | Noticed a six-headed hydra
 13805 | Lair:1   | Killed a one-headed hydra
 14098 | Lair:1   | Noticed a minotaur
 14115 | Lair:1   | Noticed raph's ghost (journeyman DrFE)
 14182 | Lair:1   | Found a runed translucent gate.
 14182 | Lair:1   | Found a runed translucent gate.
 14182 | Lair:1   | Found a runed translucent gate.
 14506 | Lair:2   | Found a runed translucent gate.
 14507 | Lair:2   | Found a runed translucent gate.
 14508 | Lair:2   | Found a runed translucent gate.
 14508 | Lair:2   | Noticed a ten-headed hydra
 14509 | Lair:2   | Noticed PaleRider's ghost (journeyman DsFi)
 14510 | Lair:2   | Noticed a ten-headed hydra
 14520 | Lair:2   | Pacified a ten-headed hydra
 14522 | Lair:2   | Pacified a ten-headed hydra
 14537 | Lair:2   | Killed PaleRider's ghost
 14538 | Lair:2   | Reached skill level 13 in Invocations
 14574 | Lair:2   | Found a gate leading to a gauntlet.
 14603 | Gauntlet | Entered a Gauntlet
 14603 | Gauntlet | Found a large runed translucent door.
 14603 | Gauntlet | Found a large runed translucent door.
 14603 | Gauntlet | Found a large runed translucent door.
 14603 | Gauntlet | Found a large runed translucent door.
 14603 | Gauntlet | Found a runed translucent door.
 14603 | Gauntlet | Found a large runed translucent door.
 14603 | Gauntlet | Found a large runed translucent door.
 14603 | Gauntlet | Found a transporter.
 14603 | Gauntlet | Found a transporter.
 14603 | Gauntlet | Found a large runed translucent door.
 14603 | Gauntlet | Found a large runed translucent door.
 14603 | Gauntlet | Found a runed translucent gate.
 14603 | Gauntlet | Found a runed translucent gate.
 14603 | Gauntlet | Found a transporter.
 14604 | Gauntlet | Found a runed translucent door.
 14604 | Gauntlet | Found a runed translucent gate.
 14606 | Gauntlet | Found a large runed translucent door.
 14606 | Gauntlet | Found a large runed translucent door.
 14606 | Gauntlet | Found a large runed translucent door.
 14606 | Gauntlet | Found a large runed translucent door.
 14607 | Gauntlet | Found a large runed translucent door.
 14607 | Gauntlet | Found a large runed translucent door.
 14608 | Gauntlet | Found a large runed translucent door.
 14608 | Gauntlet | Found a large runed translucent door.
 14612 | Gauntlet | Found a transporter.
 14622 | Gauntlet | Found a transporter.
 14637 | Gauntlet | Found a transporter.
 14647 | Gauntlet | Found a transporter.
 14649 | Gauntlet | Noticed a soul eater
 14663 | Gauntlet | Found a transporter.
 14669 | Gauntlet | Found a transporter.
 14682 | Gauntlet | Noticed a reaper
 14683 | Gauntlet | Found a transporter.
 14687 | Gauntlet | Found a transporter.
 14691 | Gauntlet | Found a transporter.
 15127 | Gauntlet | Identified the -1 cloak of the Lost Path {Str+2}
 15138 | Gauntlet | Found the amulet of the Four Winds {rN+ Will+++ Clar}
 15138 | Gauntlet | Identified the +7 demon whip of Ucewk {drain, Str-5 Int+2
                  | Stlth+}
 15138 | Gauntlet | Identified the ring of Jaesuonu {rN++ Int+7 Dex+6 SInv}
 15138 | Gauntlet | Noticed a minotaur
 15144 | Gauntlet | Killed a minotaur
 15145 | Gauntlet | Reached XP level 12. HP: 20/85 MP: 20/22
 15425 | Gauntlet | Identified the ring of Ixyoph {Contam rN+ Will+ rCorr
                  | Int+3}
 15962 | Lair:2   | Found a blossoming altar of Fedhas.
 16269 | Lair:3   | Reached skill level 14 in Invocations
 16493 | Lair:3   | Found a staircase to the Swamp.
 16493 | Lair:3   | Noticed an eight-headed hydra
 16512 | Lair:3   | Killed a two-headed hydra
 16895 | Lair:3   | HP: 4/85 [cane toad (19)]
 17134 | Lair:3   | Noticed an eight-headed hydra
 17361 | Lair:3   | Found a hole to the Spider Nest.
 17488 | Lair:3   | Reached skill level 15 in Invocations
 17681 | Lair:3   | Killed a five-headed hydra
 17942 | Lair:3   | Found a glowing silver altar of Zin.
 18501 | Lair:4   | Noticed a death yak
 18501 | Lair:4   | Noticed a death yak
 18503 | Lair:4   | Noticed a death yak
 18522 | Lair:3   | Reached XP level 13. HP: 86/90 MP: 24/24
 19406 | Lair:4   | Reached skill level 15 in Axes
 19756 | Lair:5   | Entered Level 5 of the Lair of Beasts
 19766 | Lair:5   | Reached skill level 16 in Invocations
 20428 | D:10     | Killed a fire dragon
 20433 | D:10     | Killed a fire dragon
 21366 | D:11     | Found a stormy altar of Qazlal.
 21886 | D:12     | Found a staircase to the Orcish Mines.
 22042 | D:12     | Reached skill level 17 in Invocations
 22711 | Orc:1    | Entered Level 1 of the Orcish Mines
 22763 | Orc:1    | Found Nuofod's Self-Improvement Boutique.
 23167 | Orc:2    | Entered Level 2 of the Orcish Mines
 23168 | Orc:2    | Found a staircase to the Elven Halls.
 23390 | Orc:2    | Found Neost's Armour Emporium.
 23407 | Orc:2    | Reached XP level 14. HP: 63/97 MP: 26/26
 23552 | Orc:2    | Bought a +0 pair of gloves for 54 gold pieces
 23722 | Orc:2    | Found Ewe Qaut's General Store.
 23727 | Orc:2    | Bought a potion of berserk rage for 90 gold pieces
 24260 | Orc:2    | Noticed an orc warlord
 24381 | Orc:2    | Killed an orc warlord
 24597 | Orc:2    | Found Xywutur's Antique Weapon Boutique.
 24601 | Orc:2    | Found Xaemamug's Antique Armour Shop.
 25762 | Lair:5   | Found a staircase to the Slime Pits.
 25763 | Lair:5   | Found a viscous altar of Jiyva.
 25832 | Lair:5   | Noticed Kirke
 25842 | Lair:5   | Noticed a sphinx
 25843 | Lair:5   | Noticed a sphinx
 26171 | Lair:5   | Reached ****** piety under Elyvilon
 26357 | Lair:5   | Killed Kirke
 26456 | Lair:5   | Reached skill level 18 in Invocations
 27483 | Lair:5   | Reached XP level 15. HP: 60/102 MP: 28/28
 27944 | Lair:5   | Found a corrupted altar of Lugonu.
 27944 | Lair:5   | Found a one-way gate to the infinite horrors of the Abyss.
 27948 | Lair:5   | Reached skill level 5 in Armour
 28855 | D:14     | Learned a level 1 spell: Apportation
 29087 | D:14     | Found a gate to the Vaults.
 29969 | D:15     | Entered Level 15 of the Dungeon
 30050 | D:15     | HP: 5/102 [skeletal warrior/+0 long sword[a death knight]
                  | (13)]
 30660 | D:15     | Reached skill level 10 in Shields
 31107 | D:15     | Reached skill level 19 in Invocations
 31349 | D:15     | Found a staircase to the Depths.
 31760 | Lair:1   | Killed raph's ghost
 32085 | Swamp:1  | Entered Level 1 of the Swamp
 32085 | Swamp:1  | Noticed Donald
 32112 | Spider:1 | Entered Level 1 of the Spider Nest
 32317 | Spider:1 | Noticed Josephine
 32328 | Spider:1 | Killed Josephine
 33037 | Spider:1 | Reached XP level 16. HP: 56/109 MP: 22/29
 34538 | Spider:2 | Found a transporter.
 34542 | Spider:2 | Found a transporter.
 35525 | Spider:2 | Reached skill level 20 in Invocations
 35609 | Spider:2 | Identified the amulet of the Special Invaders {Acrobat +Inv
                  | rC+ Will+ rCorr}
 35940 | Orc:2    | Bought a scroll of enchant armour for 135 gold pieces
 35982 | Elf:1    | Entered Level 1 of the Elven Halls
 36243 | Elf:1    | Found a radiant altar of Vehumet.
 38075 | Spider:3 | Noticed Arachne
 38095 | Spider:3 | Killed Arachne
 38348 | Spider:4 | Entered Level 4 of the Spider Nest
 38925 | Spider:3 | Reached skill level 21 in Invocations
 39613 | Spider:4 | HP: 4/109 [wolf spider[a broodmother] (14)]
 39613 | Spider:4 | Elyvilon protects you from harm!
 39619 | Spider:4 | HP: 2/109 [jumping spider (12)]
 39620 | Spider:4 | Demolished by a culicivora

Illustrated notes

Levels and vault maps discovered:
D:1:      evilmike_arrival_rings, layout_basic,
          hellmonk_ecumenical_altar_zigzags, serial_rivers,
          chequers_serial_rivers_micro_b, chequers_serial_rivers_micro_d,
          chequers_serial_rivers_micro_c, chequers_serial_rivers_micro_c,
          minmay_tetromino_t2
D:2:      layout_rooms
D:3:      corexii_shack_village, layout_loops_ring, marbit_many_paths
D:4:      layout_rooms, palyth_temple_overflow_mages, dk_noncrumbling_2
D:5:      layout_cave_pools, mainiacjoe_overflow_alcove_4
D:6:      layout_loops_ring, ashenzari_conservatory_becter, lemuel_tele_altar,
          nicolae_wu_jian_wuxing_cycle, uniq_crazy_yiuf_cottage
D:7:      layout_cave_pods, tso_altar, mainiacjoe_overflow_chevrons,
          temple_fountains
D:8:      layout_loops_cross, minmay_misc_feat_roman
D:9:      layout_loops_cross
D:10:     lemuel_ice_statue, layout_irregular_city,
          mainiacjoe_overflow_24_doors, enter_trove_6,
          minmay_guarded_unrand_resistance
D:11:     minmay_the_grid_octo_tiled_squarecenter
          [minmay_the_grid_octo_fan_narrow, minmay_the_grid_octo_teeth,
          minmay_the_grid_octo_chip, minmay_the_grid_octo_checkered,
          minmay_the_grid_square_5x5_megaprize_hollow,
          minmay_the_grid_square_5x5_doubleslash,
          minmay_the_grid_square_5x5_tie, minmay_the_grid_square_5x5_inset,
          minmay_the_grid_square_5x5_three], layout_irregular_city,
          lair_entry_dummy, chequers_mini_garden, grunt_qazlal_clouds
D:12:     layout_loops_ring, david_orc_2, grunt_decor_arrowhead, disabler_island
D:13:     layout_rooms
D:14:     layout_long_grid, david_vaults_1
D:15:     grunt_enter_depths_magical_seal, layout_rooms, minmay_misc_feat_doors
Temple:   bh_familiar_temple
Lair:1:   gammafunk_indiana_jones, layout_loops_ring,
          maelrawn_ghost_gauntlet_escape, grunt_megastairs_3
Lair:2:   layout_regular_city, gammafunk_ghost_hydra_chop,
          gauntlet_entry_generic, tgw_fedhas
Lair:3:   layout_chaotic_city, skrybe_swamp_entry_bodies,
          hellmonk_spider_entry_not_the_bees, basic_altar, evilmike_ambush
          [evilmike_ambush_outer_basic, evilmike_ambush_inner_basic]
Lair:4:   layout_cave_pods, grunt_megastairs_5
Lair:5:   hellmonk_lair_end_abyssal_woods, layout_gridlike,
          minmay_slime_entry_jelly_boxes, st_stairs_10, uniq_kirke
Swamp:1:  layout_basic_swamp, gammafunk_ghost_wrathful_warriors,
          nicolae_swamp_tree_designs, infiniplex_staircase_pool, uniq_donald
Spider:1: layout_spider_delve, uniq_josephine
Spider:2: gammafunk_sealed_arena
Spider:3: layout_spider_delve, guppyfry_hornet_nest, uniq_arachne
Spider:4: grunt_spider_rune_parallel
Orc:1:    layout_diamond_mine, roderic_batcave, nicolae_shop_self_help
Orc:2:    grunt_orc_community_town_hall, layout_diamond_mine,
          grunt_orc_community_big_house_1, grunt_orc_community_big_house_2,
          grunt_orc_community_house_1, grunt_orc_community_house_3,
          grunt_orc_community_house_3, grunt_orc_community_house_1,
          grunt_orc_community_house_2
Elf:1:    eino_elf_arrival_altar, layout_loops_corners, minmay_elf_sorcery

Skill      XL: |  1  2  3  4  5  6  7  8  9 10 11 12 13 14 15 16 |
---------------+-------------------------------------------------+-----
Fighting       | 1 2 |  2.5
Shields        | 1 2 3 4 6 7 9 11 13 | 13.2
Axes           | 2 3 4 6 8 10 12 14 16 17 18 | 18.0
Invocations    | 2 3 5 8 11 13 15 17 18 19 21 | 21.1
Evocations     | 1 3 |  3.0
Armour         | 2 4 5 |  5.0
Dodging        | |  1.5
Stealth        | |  1.2
Spellcasting   | |  3.0
Conjurations   | |  0.8
Summonings     | |  0.7
Translocations | |  1.0

Action                   |  1- 3 |  4- 6 |  7- 9 | 10-12 | 13-15 | 16-18 || total
-------------------------+-------+-------+-------+-------+-------+-------++-------
Melee: Short sword       |    12 |       |       |       |       |       ||    12
       Dagger            |     9 |       |       |       |       |       ||     9
       Tailslap          |     6 |    12 |    32 |    63 |   194 |    69 ||   376
       Long sword        |    22 |       |       |       |       |       ||    22
       War axe           |    30 |    93 |   245 |   264 |       |       ||   632
       Mace              |    12 |       |       |       |       |       ||    12
       Headbutt          |       |       |    35 |    92 |   267 |    79 ||   473
       Broad axe         |       |       |       |   147 |  1031 |   335 ||  1513
       Hand axe          |       |       |       |    19 |    22 |       ||    41
Throw: Dart              |       |     1 |     9 |    10 |     7 |    50 ||    77
       Javelin           |       |       |     1 |       |       |     1 ||     2
       Boomerang         |       |       |       |       |       |     2 ||     2
 Cast: Magic Dart        |    67 |    41 |    43 |    16 |   101 |       ||   268
       Blink             |       |       |       |     2 |     8 |     7 ||    17
Invok: Heal Other        |       |       |    12 |    10 |     4 |       ||    26
       Heal Self         |       |       |       |     6 |     5 |    13 ||    24
       Divine Vigour     |       |       |       |       |     1 |     2 ||     3
       Purification      |       |       |       |       |     2 |     1 ||     3
 Abil: Rolling Charge    |    10 |    10 |    31 |    81 |   162 |    43 ||   337
Evoke: Wand              |       |     2 |     1 |     7 |     5 |     8 ||    23
       Tin of tremorston |       |       |       |     3 |     4 |     3 ||    10
       Phantom mirror    |       |       |       |     1 |     1 |       ||     2
  Use: Potion            |     2 |       |    11 |     2 |     3 |     5 ||    23
       Scroll            |       |       |    10 |    11 |     7 |     9 ||    37
 Stab: Sleeping          |     2 |       |       |       |     5 |     1 ||     8
       Distracted        |       |       |       |     1 |     3 |       ||     4
       Invisible         |       |       |       |       |       |     4 ||     4
Armor: Robe              |    38 |    35 |    14 |       |       |       ||    87
       Skin              |     8 |       |       |       |    29 |       ||    37
       Leather armour    |       |       |   101 |   172 |   304 |   183 ||   760
Dodge: Dodged            |    36 |    43 |   113 |   149 |   183 |   131 ||   655
Block: Buckler           |    17 |    28 |   148 |   257 |    29 |       ||   479
       Reflection        |       |       |     1 |     5 |    12 |     1 ||    19
       Kite shield       |       |       |       |       |   698 |   304 ||  1002

Table legend: (Time is in decaauts)
 A = Elapsed time spent in this place.
 B = Non-inter-level travel time spent in this place.
 C = Inter-level travel time spent in this place.
 D = Time resting spent in this place.
 E = Time spent auto-exploring this place.
 F = Levels seen in this place.
 G = Mean time per level.
                   A        B        C        D        E       F      G
               +--------+--------+--------+--------+--------+-----+--------+
         Total |  39576 |  37222 |   2354 |  15273 |  13863 |  30 | 1319.2 |
       Dungeon |  19355 |  18434 |    921 |   6327 |   7996 |  15 | 1290.3 |
        Temple |    187 |    168 |     19 |      0 |    162 |   1 |  187.0 |
          Lair |  10113 |   9441 |    672 |   4122 |   3716 |   5 | 2022.6 |
         Swamp |      4 |      4 |      0 |      0 |      0 |   1 |    4.0 |
   Spider Nest |   6423 |   6024 |    399 |   3512 |   1249 |   4 | 1605.8 |
  Orcish Mines |   2336 |   2024 |    312 |    581 |    721 |   2 | 1168.0 |
   Elven Halls |    328 |    300 |     28 |    196 |     18 |   1 |  328.0 |
      Gauntlet |    828 |    828 |      0 |    534 |      0 |   1 |  828.0 |
               +--------+--------+--------+--------+--------+-----+--------+

Top non-repeatable levels by time:
Spider:3: 2693 daAuts
  Lair:4: 2483 daAuts
  Lair:3: 2418 daAuts
Spider:2: 2321 daAuts
  Lair:5: 2276 daAuts
    D:11: 2269 daAuts
     D:4: 2066 daAuts
   Orc:2: 1790 daAuts
    D:10: 1660 daAuts
  Lair:1: 1617 daAuts
     D:1: 1584 daAuts
    D:14: 1541 daAuts
     D:5: 1369 daAuts
  Lair:2: 1317 daAuts
     D:8: 1277 daAuts
